 Dungeon Crawl Stone Soup version 0.19-a0-998-gfd37873 (webtiles) character file.

1190 Implojin the Grappler (level 8, -1/74 HPs)
             Began as a Troll Fighter on July 17, 2016.
             Slain by a centaur (5 damage)
             ... on level 7 of the Dungeon.
             The game lasted 00:05:20 (992 turns).

Implojin the Grappler (Troll Fighter)                Turns: 992, Time: 00:05:20

Health: -1/74      AC:  5    Str: 25    XL:     8   Next: 19%
Magic:  7/7        EV: 10    Int:  4    God:
Gold:   16         SH:  9    Dex: 11    Spells: 0 memorised, 7 levels left

rFire  . . .     SeeInvis .       - Unarmed
rCold  . . .     Gourm    +     a - +0 robe
rNeg   . . .     Faith    .     b - +0 shield
rPois  .         Spirit   .     (helmet restricted)
rElec  .         Dismiss  .     (no cloak)
rCorr  +         Reflect  .     (gloves unavailable)
SustAt .         Harm     .     (boots unavailable)
MR     .....                    (no amulet)
Stlth  +.........               f - ring of resist corrosion
                                e - +2 ring of evasion

@: very slightly contaminated, hasted, very quick, not resistant to hostile
enchantments, very unstealthy
A: unfitting armour, claws 3, fast metabolism 3, gourmand, regeneration 2,
shaggy fur 1, tough skin 2
a: no special abilities


You were on level 7 of the Dungeon.
You were very full.

You visited 1 branch of the dungeon, and saw 8 of its levels.

You collected 16 gold pieces.

Inventory:

Hand Weapons
 o - a +0 blowgun
Armour
 a - a +0 robe (worn)
 b - a +0 shield (worn)
Jewellery
 e - a +2 ring of evasion (left claw)
 f - a ring of resist corrosion (right claw)
 p - a +3 ring of intelligence {unknown}
 s - a cursed -5 ring of intelligence {unknown}
Wands
 t - a wand of lightning (3/15)
Scrolls
 g - 4 scrolls of teleportation {unknown}
 h - 2 scrolls of remove curse {unknown}
 i - a scroll of enchant armour {unknown}
 m - a scroll of identify {unknown}
Potions
 j - a potion of berserk rage {unknown}
 k - a potion of invisibility {unknown}
 l - a potion of resistance {unknown}
Comestibles
 c - 3 chunks of flesh
 d - 6 bread rations
 q - 2 beef jerkies
 r - 7 slices of pizza


   Skills:
 - Level 2.4 Fighting
 - Level 2.4 Dodging
 - Level 2.4 Shields
 * Level 10.0 Unarmed Combat


You had 7 spell levels left.
You didn't know any spells.

Dungeon Overview and Level Annotations

Branches:
Dungeon (8/15)             Temple (0/1) D:7
   Lair: D:8-11

Altars:
Ashenzari
Fedhas
Nemelex Xobeh
Uskayaw
Xom
The Shining One

Annotations:
D:4 Sigmund


Innate Abilities, Weirdness & Mutations

You are too large for most types of armour.
You have claws for hands.
Your metabolism is lightning-fast.
You like to eat raw meat.
You heal very quickly.
You are covered in fur. (AC +1)
You have very tough skin. (AC +2)


Message History

You see here a fizzy dark potion.
The centaur shouts!
The centaur drinks a potion.
The centaur seems to speed up.
The centaur wields a shortbow.
The centaur shoots an arrow.
The arrow hits you!
* * * LOW HITPOINT WARNING * * *
The centaur shoots an arrow.
You block the arrow.
You see here 2 arrows.
Unknown command.
The centaur shoots an arrow.
The arrow hits you!
* * * LOW HITPOINT WARNING * * *
The centaur shoots an arrow.
The arrow barely misses you.
You see here an arrow.
The centaur shoots an arrow.
You block the arrow.
The centaur shoots an arrow.
The arrow hits you!
* * * LOW HITPOINT WARNING * * *
The centaur shoots an arrow.
You block the arrow.
Found a staircase to the Ecumenical Temple.
You see here 3 arrows.
Unknown command.
The centaur unwields an uncursed shortbow.
The centaur hits you.
* * * LOW HITPOINT WARNING * * *
You block the quokka's attack. The centaur hits you.
* * * LOW HITPOINT WARNING * * *
Unknown command.
You feel yourself speed up. You block the centaur's attack.
The quokka closely misses you. The centaur hits you!
* * * LOW HITPOINT WARNING * * *
You are very lightly contaminated with residual magic.
Unknown command.
Unknown command.
You claw the centaur!
The centaur is moderately wounded.
You block the centaur's attack.
The quokka bites you but does no damage.
Your shield prevents you from hitting the centaur.
The centaur is moderately wounded.
The centaur hits you but does no damage.
The centaur hits you.
You die...

### ..########## #.##.......#
#.##......># ##.##.......#
##...#.......# ##............#
##..!(...r.....# #.(...((@c.....#
##$......#.#.... ##.....##... .
##........## ### #######..####..
# ..# #.............. ####### ..
..####.#####..##.#.. #.....# #.
.....#.#####..##.#..##)....#####.
..##.................###'####....


You could see a centaur and a quokka.

Vanquished Creatures
  The ghost of medicine the Twirler, an amateur CeGl of Cheibriados (D:5)
  A human (D:7)
  A yak (D:7)
  An orc warrior (D:7)
  A necrophage (D:6)
  A water moccasin skeleton (D:7)
  A giant frog zombie (D:7)
  2 hounds
  3 orc wizards (D:6)
  3 orc priests (D:7)
  4 worker ants
  3 sheep (D:7)
  2 adders (D:6)
  A giant gecko (D:7)
  9 orcs
  A bat (D:1)
  A giant cockroach (D:7)
  A goblin (D:1)
  9 jackals
  A kobold (D:1)
47 creatures vanquished.

Notes
Turn   | Place    | Note
-------+----------+-------------------------------------------
     0 | D:1      | Implojin the Troll Fighter began the quest for the Orb.
     0 | D:1      | Reached XP level 1. HP: 22/22 MP: 0/0
   178 | D:2      | Reached XP level 2. HP: 26/29 MP: 1/1
   216 | D:2      | Reached skill level 3 in Unarmed Combat
   307 | D:4      | Noticed Sigmund
   310 | D:5      | Entered Level 5 of the Dungeon
   319 | D:5      | Reached XP level 3. HP: 27/36 MP: 2/2
   344 | D:5      | Noticed medicine's ghost (amateur CeGl)
   366 | D:5      | Killed medicine's ghost
   366 | D:5      | Reached skill level 6 in Unarmed Combat
   366 | D:5      | Reached XP level 4. HP: 21/44 MP: 3/3
   366 | D:5      | Reached XP level 5. HP: 23/50 MP: 4/4
   403 | D:6      | Reached XP level 6. HP: 51/59 MP: 5/5
   493 | D:6      | Noticed a two-headed ogre
   494 | D:6      | Found a glowing golden altar of the Shining One.
   500 | D:7      | Noticed an orc warrior
   515 | D:6      | Reached skill level 7 in Unarmed Combat
   599 | D:6      | Found a glowing golden altar of the Shining One.
   669 | D:6      | Found a shattered altar of Ashenzari.
   669 | D:6      | Found a shimmering altar of Xom.
   669 | D:6      | Found a blossoming altar of Fedhas.
   675 | D:6      | Found a sparkling altar of Nemelex Xobeh.
   675 | D:6      | Found a hide-covered altar of Uskayaw.
   755 | D:7      | Reached XP level 7. HP: 66/66 MP: 6/6
   763 | D:7      | Reached skill level 8 in Unarmed Combat
   783 | D:7      | Noticed a yak
   783 | D:7      | Noticed a human
   801 | D:7      | Killed a yak
   801 | D:7      | Reached skill level 9 in Unarmed Combat
   808 | D:7      | Killed a human
   809 | D:7      | Reached XP level 8. HP: 56/74 MP: 7/7
   966 | D:7      | Reached skill level 10 in Unarmed Combat
   988 | D:7      | Found a staircase to the Ecumenical Temple.
   990 | D:7      | HP: 3/74 [centaur (9)]
   992 | D:7      | Slain by a centaur

Vault maps used:
D:1:      zelgadis_glass_arrival_large, minmay_misc_feat_rows
D:3:      first_bread, ecumenical_altar_1
D:4:      lemuel_round_altar, nicolae_underground_beach, uniq_sigmund
D:5:      kennysheep_little_box, bloody_trog, xom_teletrap_fun, uniq_pikel
D:6:      minmay_overflow_temple_hex, tso_metal_star
D:7:      grunt_livestock, minivault_25, hex_tiny
D:8:      lemuel_round_altar, marbit_many_paths, minmay_misc_feat_pillars,
          uniq_psyche, uniq_prince_ribbit1

Skill      XL: |  1  2  3  4  5  6  7  8 |
---------------+-------------------------+-----
Unarmed Combat | 3 6 7 9 10 | 10.0
Fighting       | |  2.4
Dodging        | |  2.4
Shields        | |  2.4

Action                   |  1- 3 |  4- 6 |  7- 9 || total
-------------------------+-------+-------+-------++-------
Melee: Unarmed           |    43 |    49 |    60 ||   152
  Use: Potion            |     1 |       |     1 ||     2
  Eat: Chunk             |     8 |     4 |     1 ||    13
Armor: Robe              |    28 |     7 |     3 ||    38
Dodge: Dodged            |    22 |    12 |    21 ||    55
Block: Shield            |    27 |    13 |    25 ||    65

Table legend:
 A = Turns spent in this place as a percentage of turns spent in the entire game.
 B = Non-inter-level travel turns spent in this place as a percentage of non-inter-level travel turns spent in the entire game.
 C = Inter-level travel turns spent in this place as a percentage of turns spent in this place.
 D = Turns resting spent in this place as a percentage of non-inter-level travel turns spent in this place.
 E = Turns spent auto-exploring this place as a percentage of non-inter-level travel turns spent in this place.
 F = Non-inter-level travel turns spent in this place divided by the number of levels of this place that you've seen.
                   A       B       C       D       E      F
               +-------+-------+-------+-------+-------+----------------------
         Total | 100.0 | 100.0 |   0.0 |   0.0 |   0.0 | 121.4
       Dungeon | 100.0 | 100.0 |   0.0 |   0.0 |   0.0 | 121.4
               +-------+-------+-------+-------+-------+----------------------

Table legend:
 A = Kills in this place as a percentage of kills in entire the game.
 B = Kills by you in this place as a percentage of kills by you in the entire game.
 C = Kills by friends in this place as a percentage of kills by friends in the entire game.
 D = Other kills in this place as a percentage of other kills in the entire game.
 E = Experience gained in this place as a percentage of experience gained in the entire game.
 F = Experience gained in this place divided by the number of levels of this place that you have seen.
                   A       B       C       D       E      F
               +-------+-------+-------+-------+-------+----------------------
         Total | 100.0 | 100.0 |  -nan |  -nan | 100.0 | 212.5
       Dungeon | 100.0 | 100.0 |  -nan |  -nan | 100.0 | 212.5
               +-------+-------+-------+-------+-------+----------------------
